AoeStats
← Snobyman

Pilgrims

509005249Analyzed
4v4 RM · 8d ago on Sep 25, 2026· 35m 33s· 8 players
Game mode
Random Map
Map size
Large (8 player)
Population
200
Speed
Normal
Resources
Standard
Victory
Conquest
Starting age
Dark Age
Ending age
Imperial Age
RankedLock teamsTeams togetherTeam positionsShared explorationLock speedFull tech treeHidden civsTurbo modeCheats
Victory
Defeat
🇨🇴 Varangians · Colombia
754
+6
🇵🇱 Spanish · Poland
682
+8
🇺🇸 Danes · United States
674
+8
🇲🇽 Franks · Mexico
660
+10
🇨🇳 Byzantines · China
595
-10
🇨🇳 Danes · China
529
-9
🇨🇳 Georgians · China
457
-7
🇦🇺 Saxons · Australia
414
-6
Snobyman
10:24 Feudal Age
11:44 Wheelbarrow
10:59 Loom
14:52 Double-Bit Axe
19:22 Town Watch
21:30 Gold Mining
25:57 Horse Collar
2824533090
12:59 Feudal Age
16:50 Double-Bit Axe
22:01 Castle Age
20:11 Stone Mining
22:04 Man-at-Arms
23:04 Gold Mining
24:34 Long Swordsman
26:40 Bow Saw
28:46 Gold Shaft Mining
28:19 Squires
28:06 Gambesons
28:08 Arson
36:25 Imperial Age
34:31 Light Cavalry
不知名南波湾
5:39 Loom
21:06 Feudal Age
23:05 Wheelbarrow
22:21 Double-Bit Axe
22:31 Stone Mining
26:51 Horse Collar
27:05 Gold Mining
おに惨
7:24 Loom
17:02 Feudal Age
20:41 Wheelbarrow
19:51 Town Watch
19:54 Double-Bit Axe
20:00 Gold Mining
20:01 Stone Mining
21:51 Horse Collar
27:55 Castle Age
29:37 Castle Age
A Delicious Pot Roast
15:13 Feudal Age
16:03 Double-Bit Axe
23:18 Castle Age
21:16 Stone Mining
22:48 Scale Mail Armor
29:02 Wheelbarrow
31:03 Chain Mail Armor
30:39 Arson
33:36 Hand Cart
armvalcap
6:57 Loom
17:59 Feudal Age
20:22 Wheelbarrow
19:40 Town Watch
20:34 Fishing Lines
21:06 Fletching
23:33 Castle Age
21:56 Scale Barding Armor
21:56 Man-at-Arms
22:36 Gold Mining
22:36 Stone Mining
25:21 Castle Age
24:31 Forging
32:14 Imperial Age
30:28 Hand Cart
30:14 Double-Bit Axe
31:32 Gold Shaft Mining
32:48 Ballistics
33:37 Town Patrol
33:34 Bodkin Arrow
34:01 Bow Saw
37:03 Chemistry
Ros33
6:47 Loom
19:01 Feudal Age
20:21 Wheelbarrow
19:32 Town Watch
19:31 Fishing Lines
28:07 Castle Age
30:00 Gillnets
30:31 Gillnets
34:00 Town Patrol
34:00 Double-Bit Axe
Ing. Felipe Peralta
5:58 Loom
13:01 Feudal Age
13:51 Fishing Lines
15:08 Wheelbarrow
14:21 Double-Bit Axe
15:47 Gold Mining
16:22 Arson
20:25 Castle Age
19:04 Bloodlines
18:48 Man-at-Arms
21:35 Husbandry
20:56 Light Cavalry
21:54 Forging
21:50 Scale Barding Armor
23:19 Hand Cart
25:33 Gillnets
26:08 Stone Mining
26:48 Squires
26:56 Scale Mail Armor
32:59 Imperial Age
31:53 Stone Shaft Mining
36:06 Chain Barding Armor
36:21 Iron Casting
Connection lost

Rejoining the realm…

Still unreachable

The connection could not be restored.

Session expired

The server has moved on; the page needs a fresh start.